 Dungeon Crawl Stone Soup version 0.13-a0-2640-geebf78d (webtiles) character file.

206 Kae the Cudgeler (level 4, -5/39 HPs)
             Began as a Minotaur Berserker on Aug 6, 2013.
             Was a Priest of Trog.
             Killed from afar by an orc wizard (13 damage)
             ... with a puff of flame
             ... on Level 3 of the Dungeon.
             The game lasted 00:02:23 (1925 turns).

Kae the Cudgeler (Minotaur Berserker)               Turns: 1925, Time: 00:02:24

HP  -5/39        AC  2     Str 22      XL: 4   Next: 39%
MP   1/1         EV 12     Int  5      God: Trog [***...]
Gold 111         SH  0     Dex  9      Spells:  0 memorised,  3 levels left

Res.Fire  : . . .   See Invis. : .   a - +0 mace
Res.Cold  : . . .   Warding    : .   b - +0 animal skin
Life Prot.: . . .   Conserve   : .   (no shield)
Res.Poison: .       Res.Corr.  : .   (helmet restricted)
Res.Elec. : .       Clarity    : .   (no cloak)
Sust.Abil.: . .     Spirit.Shd : .   (no gloves)
Res.Mut.  : .       Stasis     : .   (no boots)
Res.Rott. : .       Flight     : .   (no amulet)
Saprovore : . . .                    (no ring)
                                     (no ring)

@: regenerating (expiring), exhausted, slowed, very slow, quite resistant to
hostile enchantments, very unstealthy
A: retaliatory headbutt, horns 2
a: Burn Spellbooks, Berserk, Trog's Hand, Renounce Religion


You were on level 3 of the Dungeon.
You worshipped Trog.
Trog was greatly pleased with you.
You were near starving.

You visited 1 branch of the dungeon, and saw 4 of its levels.

You collected 91 gold pieces.

Inventory:

Hand weapons
 a - a +0,+0 mace (weapon)
Armour
 b - a +0 animal skin (worn)
Comestibles
 c - 2 bread rations
 h - 2 meat rations
Scrolls
 f - a scroll of noise {unknown}
 g - 4 scrolls of identify {unknown}
 i - a scroll of recharging {unknown}
 p - a scroll of enchant weapon II {unknown}
Jewellery
 o - an uncursed ring of protection from magic {unknown}
 r - an uncursed ring of fire {unknown}
Potions
 d - a potion of cure mutation {unknown}
 e - a potion of curing {unknown}
 j - 2 potions of heal wounds {unknown}
 k - a potion of mutation {unknown}
 l - 2 potions of slowing {unknown}
 m - a potion of poison {unknown}
 q - a potion of confusion {unknown}


   Skills:
 - Level 3.6 Fighting
 + Level 6.3 Maces & Flails
 - Level 2.4 Armour
 - Level 2.1 Dodging


You had 3 spell levels left.
You didn't know any spells.

Dungeon Overview and Level Annotations

Branches:
Dungeon (4/27)
 Temple: D:4-7

Altars:
Makhleb

Annotations
D:1 exclusions: door and 1 more exclusion


Innate Abilities, Weirdness & Mutations

You reflexively headbutt those who attack you in melee.
You have a pair of horns on your head.


Message History

You are near starving!
There is a stone staircase leading down here.
Unknown command.
Unknown command.
You hit the gnoll.
The gnoll is moderately wounded.
The gnoll barely misses you. It barely misses you.
The gnoll hits you with a spear. The gnoll hits you with a flail! It hits you.
* * * LOW HITPOINT WARNING * * *
You are too injured to fight recklessly!
You are too injured to fight recklessly!
Unknown command.
You completely miss it. You headbutt it!
Your skin is crawling a little less now.
The gnoll hits you with a spear.
* * * LOW HITPOINT WARNING * * *
The gnoll barely misses you.
You hear some strange, mumbled words.
The puff of flame hits you!
You die...

..#...........##.#
..#...........##.#
..#...........##.#
..#......)....+..#
..#......%....##.#
..####+#####.....# ..#
#.# #)###.#
..####.#####.###g###.#
................@g...#
..####......(#.#######
..# #########.# ..# #
# ###


You could see 2 gnolls.

Vanquished Creatures
  An adder (D:2)
  A gnoll (D:4)
  2 worms
  3 giant geckos
  7 orcs
  2 ball pythons
  2 bats
  A giant cockroach (D:3)
  6 hobgoblins
  7 jackals
  5 kobolds
  5 giant newts
  5 goblins
  9 rats
56 creatures vanquished.

Notes
Turn   | Place    | Note
--------------------------------------------------------------
     0 | D:1      | Kae, the Minotaur Berserker, began the quest for the Orb.
     0 | D:1      | Reached XP level 1. HP: 19/19 MP: 0/0
    92 | D:1      | Reached skill level 4 in Maces & Flails
   139 | D:1      | Reached XP level 2. HP: 16/26 MP: 0/0
   299 | D:1      | Acquired Trog's second power
   671 | D:2      | Reached skill level 5 in Maces & Flails
   688 | D:2      | Found a burning altar of Makhleb.
   757 | D:2      | Reached XP level 3. HP: 21/33 MP: 1/1
  1495 | D:3      | Reached XP level 4. HP: 27/39 MP: 1/1
  1556 | D:3      | Reached skill level 6 in Maces & Flails
  1925 | D:3      | Killed from afar by an orc wizard

Action                   |  1- 3 |  4- 6 || total
-------------------------+-------+-------++-------
Melee: Mace              |    95 |    42 ||   137
Invok: Trog's Hand       |       |     3 ||     3
       Berserk           |       |     1 ||     1
 Stab: Sleeping          |     1 |       ||     1
